Map: Acropolis LE

Players

souL

  • Race: Terran Terran
  • Spawn Location: 11:00

SKillous - Winner!

  • Race: Protoss Protoss
  • Spawn Location: 5:00

VOD

Have the link to the VOD?

Description

Time

  • Played on: Sept. 6, 2019, 7:34 p.m.
  • Length: 7:10
Show
View Real Time Build Order
Export as new Build Order

souL Terran 

Build Orders: Gas First Reaper Expand, Banshee Rush 

Get SALT Encoding   

  12  0:00  SCV  
  13  0:12  SCV  
  14  0:17  Supply Depot  
  14  0:24  SCV  
  14  0:27  Refinery  
  15  0:38  SCV  
  16  0:44  Barracks  
  16  0:50  SCV  
  17  1:03  SCV  
  18  1:16  SCV  
  19  1:36  Orbital Command, Reaper  
  20  1:45  Command Center  
  20  1:56  Factory  
  20  2:01  SCV  
  21  2:08  Barracks Reactor  
  21  2:11  Supply Depot  
  21  2:14  SCV  
  22  2:18  Refinery  
  22  2:26  SCV  
  23  2:38  SCV  
  23  2:40  Hellion  
  23  2:43  Starport  
  26  2:45  Marine  
  26  2:47  Marine  
  26  2:50  SCV  
  29  2:58  Orbital Command  
  29  3:02  Factory Tech Lab, SCV  
  29  3:03  Marine  
  31  3:09  Marine  
  30  3:14  SCV  
  30  3:27  SCV  
  32  3:28  Cloaking Field  
  32  3:29  Banshee  
  32  3:32  Marine  
  35  3:34  SCV  
  35  3:36  Marine  
  35  3:38  Factory Tech Lab  
  37  3:43  Supply Depot, SCV  
  37  3:47  SCV  
  40  3:55  SCV  
  40  3:57  Marine  
  40  3:58  Bunker  
  40  4:00  Siege Tank  
  44  4:03  SCV  
  44  4:07  SCV  
  46  4:11  Supply Depot  
  46  4:15  Banshee, SCV  
  50  4:19  Marine  
  50  4:21  SCV  
  52  4:25  Marine  
  52  4:27  SCV  
  53  4:33  SCV  
  54  4:42  Command Center  
  54  4:43  SCV  
  53  4:48  SCV  
  53  4:51  Supply Depot  
  54  4:56  SCV  
  54  4:58  Raven  
  57  5:00  Factory Reactor  
  57  5:01  SCV  
  58  5:08  SCV  
  58  5:11  Refinery  
  58  5:12  Refinery  
  56  5:15  Marine  
  56  5:16  Stimpack, Barracks  
  56  5:17  SCV  
  56  5:20  SCV  
  59  5:22  Barracks  
  59  5:27  Engineering Bay  
  59  5:29  Engineering Bay, SCV  
  59  5:32  SCV  
  59  5:33  Marine  
  62  5:41  SCV  
  63  5:44  SCV  
  64  5:53  SCV  
  64  5:54  Supply Depot  
  64  5:55  Supply Depot, Starport Reactor  
  66  5:57  SCV  
  66  5:59  Orbital Command  
  66  6:02  Widow Mine  
  66  6:03  Widow Mine  
  66  6:04  Marine  
  70  6:05  SCV  
  70  6:10  SCV  
  73  6:17  SCV  
  74  6:25  Marauder x2, Barracks  
  78  6:26  Barracks  
  78  6:27  SCV  
  78  6:29  SCV  
  78  6:31  Marine  
  81  6:33  Marine  
  81  6:39  Medivac x2, SCV  
  87  6:41  Orbital Command, SCV  
  87  6:46  Marauder x2  
  89  6:49  Marine  
  89  6:51  Marine  
Show
View Real Time Build Order
Export as new Build Order

SKillous Protoss - Winner!

Build Orders: 1 Gate Expand, Blink Stalkers 

Get SALT Encoding   

  12  0:00  Probe  
  13  0:12  Probe  
  14  0:19  Pylon  
  14  0:24  Probe  
  15  0:34  Probe  
  15  0:38  Gateway  
  15  0:42  Probe  
  16  0:48  Assimilator  
  17  0:52  Probe  
  18  1:04  Probe  
  19  1:16  Probe  
  20  1:25  Nexus  
  20  1:36  Cybernetics Core  
  20  1:38  Probe  
  21  1:46  Assimilator  
  21  1:50  Probe  
  21  1:54  Pylon  
  22  2:03  Probe, Adept  
  23  2:13  Warp Gate  
  23  2:15  Probe  
  26  2:21  Twilight Council  
  26  2:23  Probe  
  27  2:31  Probe  
  27  2:34  Probe  
  27  2:35  Stalker  
  30  2:41  Probe  
  30  2:43  Probe  
  32  2:47  Blink  
  33  2:53  Probe  
  33  2:54  Probe  
  36  3:05  Probe  
  36  3:06  Probe  
  37  3:17  Probe  
  37  3:18  Probe  
  37  3:21  Gateway  
  37  3:22  Gateway  
  37  3:26  Robotics Facility  
  36  3:29  Probe  
  36  3:31  Probe  
  38  3:39  Probe  
  38  3:43  Probe  
  38  3:45  Pylon  
  38  3:47  Pylon, Probe  
  43  4:03  Stalker  
  43  4:05  Probe x2  
  45  4:12  Pylon  
  45  4:13  Observer, Assimilator  
  45  4:18  Stalker x2  
  45  4:23  Nexus  
  50  4:26  Pylon  
  50  4:28  Probe  
  51  4:33  Observer  
  51  4:37  Gateway x2  
  52  4:42  Gateway  
  52  4:43  Charge  
  52  4:51  Gateway  
  52  4:52  Observer  
  52  4:53  Gateway  
  52  4:55  Probe  
  54  5:00  Probe  
  54  5:05  Pylon  
  51  5:07  Probe  
  51  5:12  Probe  
  52  5:19  Warp Prism, Probe, Stalker x2  
  57  5:23  Stalker  
  57  5:25  Probe  
  60  5:32  Probe  
  60  5:34  Probe  
  64  5:37  Probe  
  64  5:41  Pylon  
  64  5:42  Probe  
  63  5:44  Probe  
  63  5:47  Stalker  
  63  5:49  Probe  
  66  5:50  Probe  
  66  5:56  Probe  
  68  6:01  Probe  
  70  6:07  Zealot x4  
  70  6:09  Zealot  
  70  6:10  Zealot  
  81  6:11  Sentry  
  81  6:12  Sentry  
  81  6:13  Probe  
  81  6:18  Templar Archives  
  88  6:32  Zealot x5  
  96  6:35  Zealot  
  96  6:36  Zealot  
  100  6:40  Pylon  
  88  7:02  Zealot x7  
  88  7:03  Zealot  
Tags
 
Add a new tag
Caveats
  • Supply blocks, unpowered buildings, or Contaminate may cause inaccurate times.
  • Supply counts are checked every 10 seconds.